 Dungeon Crawl Stone Soup version 0.28-a0-1594-ga885d4b3d6 (webtiles) character file.

Game seed: 8225528272272548687

125 testman the Ducker (level 5, 0/35 HPs)
             Began as a Djinni Hedge Wizard on Jan 20, 2022.
             Killed from afar by an orc wizard (6 damage)
             ... with a magic dart
             ... on level 3 of the Dungeon.
             The game lasted 00:07:14 (2917 turns).

testman the Ducker (Djinni Hedge Wizard)            Turns: 2917, Time: 00:07:15

Health: 0/35       AC:  4    Str:  9    XL:     5   Next: 30%
Gold:   59         EV: 13    Int: 18    God:
                   SH:  0    Dex: 12

rFire   + + .      SeeInvis .   a - +0 dagger
rCold   x . .      Faith    .   (no shield)
rNeg    . . .      Spirit   .   b - +0 robe
rPois   ∞          Reflect  .   c - +0 hat
rElec   .          Harm     .   i - +0 cloak
rCorr   +          Rampage  .   k - +0 pair of gloves
Will    .....                   (boots unavailable)
Stlth   ++........              (no amulet)
HPRegen 0.11/turn               l - ring of resist corrosion
MPRegen 0.00/turn               (no ring)

@: flying
A: sickness immunity, fire resistance 2, cold vulnerability 1, float, innate
caster, hp casting, extra vitality 1
a: no special abilities


You were on level 3 of the Dungeon.
You visited 1 branch of the dungeon, and saw 3 of its levels.

You collected 113 gold pieces.
You spent 54 gold pieces at shops.

Inventory:

Hand Weapons
 a - a +0 dagger (weapon)
Missiles
 e - 93 stones
Armour
 b - a +0 robe (worn)
 c - a +0 hat (worn)
 i - a +0 cloak (worn)
 k - a +0 pair of gloves (worn)
Jewellery
 l - a ring of resist corrosion (left hand)
Scrolls
 d - a scroll of enchant weapon {unknown}
 f - 2 scrolls of identify {unknown}
 g - 2 scrolls of fog {unknown}
 h - a scroll of immolation {unknown}
 j - a scroll of magic mapping {unknown}
Potions
 m - a potion of degeneration {unknown}


   Skills:
 + Level 3.6 Dodging
 + Level 2.9 Stealth
 + Level 3.1 Spellcasting


You couldn't memorise any spells.
You knew the following spells:

 Your Spells              Type           Power      Damage    Failure   Level
a - Magic Dart            Conj           56%        1d5       4%          1
b - Blink                 Tloc           28%        N/A       7%          2
c - Call Imp              Summ           14%        N/A       7%          2
d - Slow                  Hex            56%        N/A       4%          1
e - Conjure Flame         Conj/Fire      14%        6-21      13%         3
f - Mephitic Cloud        Conj/Pois/Air  14%        N/A       13%         3
g - Sandblast             Erth           28%        2d8       4%          1
h - Poisonous Vapours     Pois/Air       28%        N/A       7%          2
Your spell library was empty.

Dungeon Overview and Level Annotations

Branches:
Dungeon (3/15)

Altars:

Shops:
D:2 [


Innate Abilities, Weirdness & Mutations

You are immune to sickness and miasma.
You are immune to poison.
Your flesh is very heat resistant. (rF++)
You are vulnerable to cold. (rC-)
You float through the air rather than walking.
You learn spells naturally, not from books.
Your magical power is your life essence.
You have superior vitality. (+4 MHP)


Message History

Press: ? - help, Shift-Dir - straight line The blast of sand hits something but does no damage.
e - 96 stones Something barely misses you.
Unknown command.
Casting: Sandblast (safe; 4% risk of failure)
Confirm with . or Enter, or press ? or * to list all spells.
Aiming: Sandblast (safe; 4% risk of failure)
Press: ? - help, Shift-Dir - straight line The blast of sand hits something.
e - 95 stones You hear some strange, mumbled words.
A puff of flame appears from out of thin air!
The puff of flame misses you. Something hits you.
Casting: Sandblast (safe; 4% risk of failure)
Confirm with . or Enter, or press ? or * to list all spells.
Aiming: Sandblast (safe; 4% risk of failure)
Press: ? - help, Shift-Dir - straight line
e - 94 stones The orc throws a stone.
The stone hits you. Something hits you but does no damage.
Casting: Sandblast (safe; 4% risk of failure)
Confirm with . or Enter, or press ? or * to list all spells.
Aiming: Sandblast (safe; 4% risk of failure)
Press: ? - help, Shift-Dir - straight line The blast of sand hits something but does no damage.
e - 93 stones
* * * LOW HITPOINT WARNING * * *
You hear some strange, mumbled words.
A puff of flame appears from out of thin air!
The puff of flame hits something but does no damage.
You hear some strange, mumbled words.
A magic dart appears from out of thin air!
The magic dart hits you.
* * * LOW HITPOINT WARNING * * *
A puff of flame appears from out of thin air!
The puff of flame hits something but does no damage.
A magic dart appears from out of thin air!
The magic dart hits you.
You die...

... #.# #.# #.#
#.# #.# ### #.#
#...#<# #####
##....@##......
#......[){{.#
#.##..#.##o.#
#..#.# ....
#..?.. .##.
##.#.# # #.#.#
. ... ## ##


You could see an orc.

Vanquished Creatures
  Crazy Yiuf (D:2)
  An orc wizard (D:3)
  2 gnolls (D:1)
  An adder (D:2)
  A worm (D:2)
  2 dart slugs
  7 endoplasms
  2 goblins (D:1)
  5 hobgoblins
  2 kobolds (D:1)
  2 quokkas
  3 ball pythons (D:1)
  4 bats
  2 rats (D:1)
35 creatures vanquished.

Notes
Turn   | Place    | Note
-------+----------+-------------------------------------------
     0 | D:1      | testman the Djinni Hedge Wizard began the quest for the
                  | Orb.
     0 | D:1      | Reached XP level 1. HP: 15/15 MP: 0/0
   273 | D:1      | Reached XP level 2. HP: 17/21 MP: 0/0
  1200 | D:1      | Reached XP level 3. HP: 24/25 MP: 0/0
  1200 | D:1      | Learned a level 1 spell: Sandblast
  1835 | D:2      | Reached XP level 4. HP: 31/31 MP: 0/0
  1862 | D:2      | Found a runed translucent door.
  1863 | D:2      | Noticed Crazy Yiuf
  1871 | D:2      | Killed Crazy Yiuf
  2165 | D:2      | Found Weicunko's Armour Boutique.
  2171 | D:2      | Bought a +0 pair of gloves for 54 gold pieces
  2583 | D:2      | Reached XP level 5. HP: 29/35 MP: 0/0
  2583 | D:2      | Learned a level 2 spell: Poisonous Vapours
  2917 | D:3      | Killed from afar by an orc wizard

Illustrated notes

Levels and vault maps discovered:
D:1:      kilobyte_arrival_exit_the_forest, layout_loops_cross
D:2:      layout_basic, serial_shops, nicolae_shop_waterfront, st_stairs_8,
          uniq_crazy_yiuf_cottage
D:3:      layout_loops_cross, uniq_grinder, uniq_sigmund

Skill      XL: |  1  2  3  4 |
---------------+-------------+-----
Stealth        | 2 |  2.9
Dodging        | 3 |  3.6
Spellcasting   | 3 |  3.1

Action                   |  1- 3 |  4- 6 || total
-------------------------+-------+-------++-------
Melee: Dagger            |    60 |    15 ||    75
 Cast: Magic Dart        |    32 |    19 ||    51
       Sandblast         |     5 |    17 ||    22
       Conjure Flame     |       |     1 ||     1
       Poisonous Vapours |       |     6 ||     6
       Slow              |       |     1 ||     1
 Stab: Sleeping          |     2 |       ||     2
Armor: Robe              |     9 |     6 ||    15
Dodge: Dodged            |    31 |     9 ||    40

Table legend: (Time is in decaauts)
 A = Elapsed time spent in this place.
 B = Non-inter-level travel time spent in this place.
 C = Inter-level travel time spent in this place.
 D = Time resting spent in this place.
 E = Time spent auto-exploring this place.
 F = Levels seen in this place.
 G = Mean time per level.
                   A        B        C        D        E       F      G
               +--------+--------+--------+--------+--------+-----+--------+
         Total |   2916 |   2877 |     39 |   1093 |   1512 |   3 |  972.0 |
       Dungeon |   2916 |   2877 |     39 |   1093 |   1512 |   3 |  972.0 |
               +--------+--------+--------+--------+--------+-----+--------+

Top non-repeatable levels by time:
     D:1: 1796 daAuts
     D:2: 1104 daAuts
     D:3: 15 daAuts
